 Seeded DCSS version 0.30.1-4-g462c640d31 (webtiles) character file.

Game seed: 920673320228942481 (custom seed)

3 Psyclone the Stinger (level 1, 11/11 HPs)
             Began as an Octopode Venom Mage on Sept 19, 2023.
             Quit the game on level 1 of the Dungeon.
             The game lasted 00:01:11 (164 turns).

Psyclone the Stinger (Octopode Venom Mage)           Turns: 164, Time: 00:01:12

Health: 11/11      AC:  1    Str:  7    XL:     1   Next: 50%
Magic:  3/3        EV: 13    Int: 17    God:
Gold:   1612       SH:  0    Dex: 12    Spells: 3/4 levels left

rFire   . . .        (no weapon)
rCold   . . .        (no shield)
rNeg    . . .        (helmet restricted)
rPois   .            (no amulet)
rElec   .            (no ring)
rCorr   .            (no ring)
SInv    .            (no ring)
Will    .....        (no ring)
Stlth   +++          (no ring)
HPRegen 0.21/turn    (no ring)
MPRegen 0.08/turn    (no ring)
                     (no ring)

%: no passive effects
@: no status effects
A: almost no armour, amphibious, 8 rings, camouflage 1, gelatinous body 1,
(nimble swimmer 1), tentacles
a: no special abilities


You were on level 1 of the Dungeon.
You visited 1 branch of the dungeon, and saw 1 of its levels.

You collected 1612 gold pieces.

Inventory:

Jewellery
 b - a ring of wizardry
 d - the amulet of Kumnotto {Reflect Fragile rCorr Int+2 SH+5 Stlth+}
   (You acquired it on level 1 of the Dungeon)

   [amulet of reflection]

   It reflects blocked missile attacks.
   Int:       It affects your intelligence (+2).
   rCorr:     It protects you from acid and corrosion.
   Fragile:   It will be destroyed if unequipped.
   SH:        It affects your SH (+5).
   Stlth:     It makes you more stealthy.
Potions
 a - a potion of magic
 c - a potion of resistance {unknown}


   Skills:
 - Level 2.0 Dodging
 - Level 2.6 Stealth
 - Level 2.0 Spellcasting
 - Level 1.0 Transmutations
 + Level 3.9 Poison Magic


You had 3 spell levels left.
You knew the following spells:

 Your Spells              Type           Power      Damage    Failure   Level
a - Sting                 Tmut/Pois      40%        1d5       7%          1

Your spell library contained the following spells:

 Spells                   Type           Power      Damage    Failure   Level
 Poisonous Vapours        Pois/Air       16%        N/A       13%         2
 Mephitic Cloud           Conj/Pois/Air  6%         N/A       34%         3
 Olgreb's Toxic Radiance  Pois           15%        N/A       36%         4


Dungeon Overview and Level Annotations

Branches:
Dungeon (1/15) Zot: 5836

Altars:


Innate Abilities, Weirdness & Mutations

You cannot wear most types of armour.
You are amphibious.
You can wear up to eight rings at the same time.
Your skin changes colour to match your surroundings (Stealth+).
Your rubbery body absorbs attacks. (AC +1, EV +1)
((You are camouflaged when in or above water. (Stealth+)))
You have tentacles for arms and can constrict up to eight enemies at once.


Message History

Your magical contamination has completely faded away.
Health restored: 11 Magic restored.
You now have 4 gold pieces.
You open the door.
Found a spear.
MP restored: 3 You open the door.
There is an open door here.
As you open the door, it creaks loudly!
There is an open door here.
You open the door.
Found a smoky grey potion and an encrusted emerald ring.
There is an open door here.
b - a ring of wizardry
c - a smoky grey potion
There is an open door here.
There is an open door here.
A ball python comes into view.
Casting: Sting (safe; 7% risk of failure)
Confirm with . or Enter, or press ? or * to list all spells.
Aiming: Sting (safe; 7% risk of failure)
Press: ? - help, Shift-Dir - straight line, f - ball python
Aim: a ball python (asleep, 100% to hit)
The sting hits the ball python.
The ball python is poisoned.
You kill the ball python!
You now have 2/3 mp.
Found a stone staircase leading down.
There is a stone staircase leading down here.
Found 3 scrolls labelled NOEDYA EDEF.
MP restored: 3
Found a hand axe.
d - 3 scrolls labelled NOEDYA EDEF This is a scroll of acquirement!
Something appears before you! Something appears before you!
Something appears before you!
d - the amulet of Kumnotto {Reflect Fragile rCorr Int+2 SH+5 Stlth+} You now have 1612 gold pieces (gained 1608).
Unknown command.
Are you sure you want to abandon this character and quit the game? (Confirm with "yes".)

##### #... .#. #... ...
#.. #... ... ...###.#
...#.# ##+# #.#@#####.#
####### #....#.........)
......# #.....#.######.#
...##.#. ...#....##
....#.#. #+#####..##
......#. #.######..#
....###.##........>#
###.###...................
#.#.....################


There were no monsters in sight!

Vanquished Creatures
  A dart slug (D:1)
  A ball python (D:1)
2 creatures vanquished.

Notes
Turn   | Place    | Note
-------+----------+-------------------------------------------
     0 | D:1      | Psyclone the Octopode Venom Mage began the quest for the
                  | Orb.
     0 | D:1      | Reached XP level 1. HP: 11/11 MP: 3/3
   160 | D:1      | Identified 3 scrolls of acquirement
   160 | D:1      | Acquired the amulet of Kumnotto {Reflect Fragile rCorr
                  | Int+2 SH+5 Stlth+}
   161 | D:1      | Acquired 589 gold pieces
   162 | D:1      | Acquired 1019 gold pieces
   164 | D:1      | Quit the game

Illustrated notes

Levels and vault maps discovered:
D:1:      dpeg_arrival_orchard, layout_basic

Action                     || total
---------------------------++-------
   Cast: Sting             ||     3
    Use: Scroll            ||     3
  Dodge: Dodged            ||     2
